 Dungeon Crawl Stone Soup version 0.31-a0-1005-gfbdfbacc72 (webtiles) character file.

Game seed: 9155082341387461893

34107 kae the Slicer (level 13, -1/91 HPs)
             Began as a Demonspawn Enchanter on Nov 10, 2023.
             Was a High Priest of Dithmenos.
             Slain by a skeletal warrior
             ... wielding a +0 halberd
              (20 damage)
             ... on level 13 of the Dungeon.
             The game lasted 00:14:47 (13016 turns).

kae the Slicer (Demonspawn Enchanter)              Turns: 13016, Time: 00:14:48

Health: -1/91      AC: 13    Str: 12    XL:     13   Next: 40%
Magic:  17/22      EV: 14    Int: 19    God:    Dithmenos [*****.]
Gold:   626        SH:  0    Dex: 19    Spells: 13/24 levels left

rFire   . . .        E - +4 quick blade (elec) {rare}
rCold   + . .        (no shield)
rNeg    . . .        z - +0 troll leather armour
rPois   .            s - +2 hat
rElec   .            (no cloak)
rCorr   .            t - +2 pair of gloves
SInv    .            y - +1 pair of boots
Will    .....        A - amulet of the acrobat
Stlth   ++++++       C - ring of protection from cold
HPRegen 1.15/turn    D - +6 ring of dexterity
MPRegen 0.36/turn

%: acrobat
@: wreathed by umbra, studying Transmutations, invisible
A: icy blue scales 2, magic regeneration, demonic magic 1, demonic touch 1
a: Renounce Religion, Shadow Step, Shadow Form


You were on level 13 of the Dungeon.
You worshipped Dithmenos.
Dithmenos was extremely pleased with you.
You visited 2 branches of the dungeon, and saw 14 of its levels.

You collected 626 gold pieces.


Innate Abilities, Weirdness & Mutations

You are mostly covered in icy blue scales. (AC +3)
You regenerate magic rapidly.
Spells you cast may paralyse adjacent enemies.
Your touch may inflict minor irresistible damage on your foes.


   Skills:
 + Level 5.3 Fighting
 + Level 14.3 Short Blades
 + Level 2.9 Armour
 + Level 5.1 Dodging
 + Level 7.8 Stealth
 - Level 6.0 Spellcasting
 + Level 10.5 Hexes
 - Level 3.0 Ice Magic
 + Level 6.8 Invocations


You had 13 spell levels left.
You knew the following spells:

 Your Spells              Type           Power      Damage    Failure   Level
a - Ensorcelled Hibernat  Hex/Ice        62%        N/A       1%          2
b - Confusing Touch       Hex            45%        N/A       1%          3
c - Tukima's Dance        Hex            45%        N/A       1%          3
d - Dazzling Flash        Conj/Hex       50%        N/A       4%          3

Your spell library contained the following spells:

 Spells                   Type           Power      Damage    Failure   Level
 Inner Flame              Hex/Fire       25%        N/A       4%          3
 Frozen Ramparts          Ice            34%        1d6       12%         3
 Blink                    Tloc           10%        N/A       22%         2
 Lesser Beckoning         Tloc           10%        N/A       22%         2
 Momentum Strike          Conj/Tloc      10%        3d8       22%         2
 Metabolic Englaciation   Hex/Ice        15%        N/A       24%         5
 Summon Mana Viper        Hex/Summ       25%        N/A       41%         5
 Summon Ice Beast         Ice/Summ       11%        N/A       58%         4
 Flame Wave               Conj/Fire      5%         2d5       80%         4
 Petrify                  Tmut/Erth      5%         N/A       80%         4
 Sticky Flame             Conj/Fire      5%         2d3       80%         4
 Monstrous Menagerie      Summ           2%         N/A       100%        7

Inventory:

Hand Weapons
 a - a +1 dagger
 n - a +3 dagger
   (You took it off Ijyb on level 4 of the Dungeon)
 E - a +4 quick blade of electrocution (weapon) {rare}
   (You acquired it on level 7 of the Dungeon)
Missiles
 e - 180 stones
 l - 36 poisoned darts
 q - 12 boomerangs
 K - 2 curare-tipped darts {=f}
 P - 2 throwing nets {=f!f}
Armour
 s - a +2 hat (worn)
   (You found it on level 4 of the Dungeon)
 t - a +2 pair of gloves (worn)
   (You found it on level 4 of the Dungeon)
 y - a +1 pair of boots (worn)
   (You found it on level 7 of the Dungeon)
 z - a +0 troll leather armour (worn)
   (You found it on level 7 of the Dungeon)
Magical Staves
 H - a staff of earth {!a}
   (You found it on level 7 of the Dungeon)
Jewellery
 A - an amulet of the acrobat (around neck)
   (You found it on level 3 of the Dungeon)
 C - a ring of protection from cold (left hand)
   (You found it on level 3 of the Dungeon)
 D - a +6 ring of dexterity (right hand)
   (You found it on level 7 of the Dungeon)
 N - a ring of positive energy
   (You found it on level 11 of the Dungeon)
 T - an amulet of faith {!P}
   (You found it on level 7 of the Dungeon)
 W - a ring of magical power
   (You found it on level 7 of the Dungeon)
Wands
 i - a wand of mindburst (5)
   (You found it on level 4 of the Dungeon)
 m - a wand of polymorph (18)
   (You took it off Ijyb on level 4 of the Dungeon)
 r - a wand of charming (9)
   (You found it on level 4 of the Dungeon)
 u - a wand of quicksilver (4)
   (You took it off Pikel on level 8 of the Dungeon)
 S - a wand of flame (3)
   (You took it off a hobgoblin on level 12 of the Dungeon)
Scrolls
 h - a scroll of butterflies
 o - a scroll of revelation
 w - 7 scrolls of teleportation {@r4}
 x - 2 scrolls of fog
 B - 2 scrolls of vulnerability {!r!r}
Potions
 b - 5 potions of curing {unknown}
 d - 6 potions of attraction {!q}
 f - 4 potions of mutation {!q}
 g - 3 potions of lignification {unknown}
 j - 3 potions of brilliance
 k - 2 potions of might
 p - a potion of degeneration {unknown}
 v - a potion of heal wounds {unknown}
 F - a potion of haste {unknown}
 G - 5 potions of ambrosia
 L - 2 potions of berserk rage {unknown}
 M - a potion of enlightenment {unknown}
 O - a potion of magic {unknown}
Miscellaneous
 I - a sack of spiders
   (You found it on level 7 of the Dungeon)
 J - a lightning rod (4/4)
   (You found it on level 7 of the Dungeon)

Dungeon Overview and Level Annotations

Branches:
Dungeon (13/15) Zot: 26791  Temple (1/1) D:6 Zot: 5977    Lair (0/5) D:8
    Orc (0/2) D:12
 Vaults: D:13-14

Altars:
Ashenzari
Cheibriados
Dithmenos
Fedhas
Gozag
Hepliaklqana
Kikubaaqudgha
Makhleb
Nemelex Xobeh
Okawaru
Qazlal
Ru
Sif Muna
Trog
Uskayaw
Vehumet
Wu Jian
Xom
Yredelemnul

Shops:
D:3 (   D:10 :

Portals:
Abyss: D:9

Annotations:
D:5 2 transporters
D:7 1 runed translucent door, Dirtsage's ghost, novice OpSh
D:8 2 transporters, othur's ghost, novice GrFi
D:9 2 transporters, adozu's ghost, journeyman DrCj

.......<...................
...........................
...........................
...........................
...........................
...........#............:..
...........................
...........................
..............#@...........
.............##........##..
........z....z......### .
z.........)........###
.............†......#
.............†[.....#
....................#
..z..............####
.............#$..#


You could see a skeletal warrior (unable to see you).


Message History

The centaur warrior shoots an arrow.
The arrow hits you.
* * * LOW HITPOINT WARNING * * *
😨 HP[-4]
You take 4 damage, and now have 41/91 hp.
The centaur warrior shoots an arrow.
The arrow misses you.
The boulder beetle curls into a ball and begins rolling! 😨 HP[+1] MP[+1]
The centaur warrior shoots an arrow.
The arrow hits you!
* * * LOW HITPOINT WARNING * * *
😨 HP[-13]
You take 13 damage, and now have 29/91 hp.
The centaur warrior shoots an arrow.
The arrow misses you.
The centaur warrior shoots an arrow.
The arrow misses you. 😨 HP[+2] MP[+1]
You regained 2 hp, and now have 31/91 hp.
The centaur warrior unwields a +0 orcbow.
The centaur warrior misses you. x2; The boulder beetle misses you.
The boulder beetle stops rolling and uncurls. 😨 HP[+1]
Casting: Confusing Touch (safe; 1% risk of failure)
Confirm with . or Enter, or press ? or * to list all spells.
Aiming: Ensorcelled Hibernation (safe; 1% risk of failure)
Press: ? - help, Shift-Dir - straight line, f - centaur warrior
Aim: a centaur warrior (umbra, chance to affect: 43%)
The centaur warrior looks drowsy...
Malevolent energies surge around you. The boulder beetle bites you!
* * * LOW HITPOINT WARNING * * *
😨 HP[-7] MP[-2]
You take 7 damage, and now have 25/91 hp.
You lost 2 mp, and now have 15/22 mp.
The helpless centaur warrior fails to defend itself.
You perforate the centaur warrior like a sieve!!!!
Lightning courses through the centaur warrior!!
You kill the centaur warrior!
Dithmenos accepts your kill. The howler monkey barely misses you.
The howler monkey hits you but does no damage.
Casting: Ensorcelled Hibernation (safe; 1% risk of failure)
Confirm with . or Enter, or press ? or * to list all spells.
Aiming: Ensorcelled Hibernation (safe; 1% risk of failure)
Press: ? - help, Shift-Dir - straight line, f - howler monkey
Aim: a howler monkey (umbra, chance to affect: 69%)
The howler monkey looks drowsy...
Malevolent energies surge around you.
The boulder beetle suddenly stops moving!
Your shadow mimics your spell!
The howler monkey is unaffected.
The howler monkey closely misses you. 😨 HP[+2] MP[-1]
You regained 2 hp, and now have 27/91 hp.
You lost 1 mp, and now have 14/22 mp.
The helpless boulder beetle fails to defend itself.
You spit the boulder beetle like a pig!!!
You kill the boulder beetle!
Dithmenos accepts your kill.
The howler monkey hits you but does no damage.
The helpless howler monkey fails to defend itself.
You skewer the howler monkey like a kebab!!!!
You kill the howler monkey!
Dithmenos accepts your kill.
The skeletal warrior barely misses you. 😨 HP[+1]
You hit the howler monkey. x2; The howler monkey hits you.
* * * LOW HITPOINT WARNING * * *
😨 HP[-1]
You take 1 damage, and now have 27/91 hp.
You hit the howler monkey. Your touch misses the howler monkey.
You hit the howler monkey.
Your shadow barely misses the howler monkey.
Your shadow hits the howler monkey with a quick blade.
The skeletal warrior hits you from afar with a +0 halberd!
* * * LOW HITPOINT WARNING * * *
The howler monkey hits you.
* * * LOW HITPOINT WARNING * * *
😱 HP[-11] MP[+1]
You take 11 damage, and now have 16/91 hp.
The skeletal warrior attacks as it pursues you!
The skeletal warrior completely misses you.
The howler monkey attacks as it pursues you!
The howler monkey misses you. 😱 HP[+1]
You hit the howler monkey.
Lightning courses through the howler monkey!
You kill the howler monkey!
Dithmenos accepts your kill. 😱 HP[+1] Unknown command.
The skeletal warrior attacks as it pursues you!
The skeletal warrior closely misses you. 😱 HP[+1]
The skeletal warrior attacks as it pursues you!
The skeletal warrior hits you from afar with a +0 halberd.
* * * LOW HITPOINT WARNING * * *
😱 HP[-3] MP[+1]
You take 3 damage, and now have 16/91 hp. 😱 HP[+1] 😱 HP[+1]
Okay, then.
You fade into invisibility!
The skeletal warrior hits you from afar with a +0 halberd!!
You die...

Skill      XL: |  1  2  3  4  5  6  7  8  9 10 11 12 13 |
---------------+----------------------------------------+-----
Short Blades   | 1 2 3 4 6 7 8 11 14 | 14.3
Stealth        | 3 4 5 6 7 |  7.8
Hexes          | 4 5 7 8 9 10 | 10.5
Ice Magic      | 1 2 3 |  3.0
Spellcasting   | 3 4 5 6 |  6.0
Invocations    | 2 4 5 6 |  6.8
Fighting       | 1 3 4 5 |  5.3
Dodging        | 2 4 5 |  5.1
Armour         | 1 2 |  2.9

Action                     |  1- 3 |  4- 6 |  7- 9 | 10-12 | 13-15 || total
---------------------------+-------+-------+-------+-------+-------++-------
  Melee: Dagger            |   149 |   144 |   263 |    21 |       ||   577
         Punch             |     1 |       |     4 |     8 |     2 ||    15
         Quick blade       |       |       |       |   860 |    83 ||   943
         Unarmed           |       |       |       |     9 |       ||     9
         Touch             |       |       |       |    70 |    21 ||    91
   Cast: Ensorcelled Hiber |    11 |    32 |    61 |    65 |    12 ||   181
         Confusing Touch   |       |     1 |    10 |    19 |     1 ||    31
         Dazzling Flash    |       |       |       |     3 |       ||     3
  Evoke: Wand              |       |     5 |       |       |       ||     5
    Use: Scroll            |     1 |     8 |     6 |     4 |     2 ||    21
         Potion            |       |       |     1 |       |     1 ||     2
   Stab: Sleeping          |    10 |    23 |    36 |    49 |     4 ||   122
         Paralysed         |       |    14 |    24 |    48 |    13 ||    99
         Confused          |       |       |     9 |     9 |       ||    18
         Invisible         |       |       |     2 |     3 |       ||     5
         Distracted        |       |       |       |     1 |       ||     1
 Armour: Robe              |    82 |    60 |    66 |       |       ||   208
         Troll leather arm |       |       |    21 |   229 |    69 ||   319
         Skin              |       |       |       |     2 |       ||     2
  Dodge: Dodged            |   104 |    66 |   149 |   358 |   109 ||   786

Levels and vault maps discovered:
D:1:      dpeg_arrival_brainrot, layout_loops_ring,
          hangedman_abyss_or_decor_lesser_grid, serial_bayou_lagoon_a
D:2:      layout_basic
D:3:      layout_rooms, serial_shops, nicolae_shop_waterfront, minmay_pentangle
D:4:      layout_loops_cross, nzn_wu_jian_council_hall, uniq_edmund, uniq_ijyb
D:5:      gammafunk_steamed_eel, layout_cave_pools, feat_on_display
D:6:      wad_woods_tower, layout_basic, mainiacjoe_overflow_tiny_flanked,
          minmay_temple_entry_glassed_door
D:7:      minmay_the_grid_triangle_9x9_rhombus_full
          [minmay_the_grid_triangle_9x9_sparse_checkered,
          minmay_the_grid_triangle_9x9_shrine,
          minmay_the_grid_triangle_9x9_windchime,
          minmay_the_grid_triangle_9x9_from_above,
          minmay_the_grid_triangle_9x9_corruption,
          minmay_the_grid_triangle_9x9_warning,
          minmay_the_grid_triangle_9x9_odd_lines,
          minmay_the_grid_triangle_9x9_prize_top_heavy], layout_loops_ring,
          slow_altar_1, ebering_ghost_inner_flame, minmay_manual_maat
D:8:      layout_basic, due_lair_maze_entry_diamond,
          gammafunk_ghost_wrathful_warriors, uniq_pikel
D:9:      layout_loops_ring, gammafunk_ghost_abyssal_escape, minmay_microvault,
          uniq_erica, uniq_jeremiah, uniq_psyche
D:10:     layout_loops_ring, nicolae_sif_muna_condensation,
          mainiacjoe_overflow_six_doors_small,
          nicolae_hepliaklqana_monster_ancestors, mainiacjoe_overflow_boulevard,
          serial_shops, nicolae_shop_tiny_statue_garden
D:11:     layout_long_grid, hive_lemuel
D:12:     layout_cave_pods, erik_orc_3, vehumet_altar_wand_db, uniq_nessos
D:13:     layout_cross, hellmonk_vaults_keyhole
Temple:   eino_wide_crystal_templ

Notes
Turn   | Place    | Note
-------+----------+-------------------------------------------
     0 | D:1      | kae the Demonspawn Enchanter began the quest for the Orb.
     0 | D:1      | Reached XP level 1. HP: 13/13 MP: 3/3
     0 | D:1      | magus.rc [v1.11.3]
    66 | D:1      | Reached skill level 1 in Short Blades
   266 | D:1      | Gained mutation: You are partially covered in icy blue
                  | scales. (AC +2) [demonic ancestry]
   266 | D:1      | Reached XP level 2. HP: 14/19 MP: 5/5
   288 | D:1      | Learned a level 2 spell: Ensorcelled Hibernation
   979 | D:1      | Reached XP level 3. HP: 24/24 MP: 3/6
   983 | D:1      | Learned a level 3 spell: Confusing Touch
  1190 | D:2      | Reached skill level 2 in Short Blades
  1396 | D:2      | Reached skill level 3 in Stealth
  1470 | D:2      | Gained mutation: Spells you cast may paralyse adjacent
                  | enemies. [demonic ancestry]
  1470 | D:2      | Reached XP level 4. HP: 30/30 MP: 7/7
  1985 | D:3      | Found Egicur's Weapon Shop.
  2960 | D:3      | Learned a level 3 spell: Tukima's Dance
  2998 | D:4      | Reached skill level 4 in Hexes
  2998 | D:4      | Reached skill level 1 in Ice Magic
  2998 | D:4      | Gained mutation: You are mostly covered in icy blue scales.
                  | (AC +3) [demonic ancestry]
  2998 | D:4      | Reached XP level 5. HP: 30/35 MP: 5/8
  3321 | D:4      | Noticed Edmund
  3330 | D:4      | Killed Edmund
  3331 | D:4      | Reached skill level 3 in Short Blades
  3331 | D:4      | Reached XP level 6. HP: 33/41 MP: 3/10
  3381 | D:4      | Reached skill level 3 in Spellcasting
  3383 | D:4      | Noticed Ijyb
  3433 | D:4      | Killed Ijyb
  3904 | D:4      | Reached skill level 2 in Ice Magic
  3979 | D:4      | Found an ornate altar of the Wu Jian Council.
  4037 | D:5      | Entered Level 5 of the Dungeon
  4059 | D:5      | Reached XP level 7. HP: 42/46 MP: 2/11
  4068 | D:4      | Reached skill level 5 in Hexes
  4154 | D:5      | You pick up a book of Sloth and begin reading...
  4154 | D:5      | You add the spells Frozen Ramparts, Petrify and Metabolic
                  | Englaciation to your library.
  4269 | D:5      | Reached skill level 4 in Short Blades
  4269 | D:5      | Reached skill level 4 in Stealth
  4434 | D:5      | Reached XP level 8. HP: 37/52 MP: 6/13
  4682 | D:5      | Found a transporter.
  4700 | D:5      | Found a transporter.
  4889 | D:6      | Learned a level 3 spell: Dazzling Flash
  4999 | D:6      | Reached skill level 6 in Hexes
  5001 | D:6      | Identified the +0 leather armour of Pionust {rCorr Dex+5}
  5288 | D:6      | Found a staircase to the Ecumenical Temple.
  5305 | Temple   | Entered the Ecumenical Temple
  5316 | Temple   | Became a worshipper of Dithmenos the Shadowed
  5373 | D:6      | Reached skill level 3 in Ice Magic
  5431 | D:6      | Reached skill level 4 in Spellcasting
  5848 | D:6      | Reached skill level 5 in Short Blades
  6424 | D:7      | Reached skill level 5 in Stealth
  6528 | D:7      | You pick up a book of Flames and begin reading...
  6528 | D:7      | You add the spells Inner Flame, Sticky Flame and Flame Wave
                  | to your library.
  6551 | D:7      | Noticed a two-headed ogre
  6557 | D:7      | Reached skill level 7 in Hexes
  6557 | D:7      | Noticed a troll
  6560 | D:7      | Killed a two-headed ogre
  6560 | D:7      | Reached * piety under Dithmenos
  6561 | D:7      | Reached skill level 6 in Short Blades
  6561 | D:7      | Reached XP level 9. HP: 57/57 MP: 12/16
  6562 | D:7      | Killed a troll
  6578 | D:7      | Reached skill level 5 in Spellcasting
  6638 | D:7      | Found a snail-covered altar of Cheibriados.
  6766 | D:7      | Reached skill level 8 in Hexes
  6821 | D:7      | Found a runed translucent door.
  6821 | D:7      | Noticed a manticore
  6821 | D:7      | Noticed Dirtsage's ghost (novice OpSh)
  7031 | D:7      | Reached skill level 7 in Short Blades
  7031 | D:7      | Reached skill level 1 in Invocations
  7151 | D:7      | Reached skill level 1 in Fighting
  7200 | D:7      | Noticed a cyclops
  7224 | D:7      | Reached skill level 6 in Stealth
  7238 | D:7      | Killed a cyclops
  7239 | D:7      | Reached skill level 2 in Invocations
  7284 | D:7      | Noticed a gargoyle
  7284 | D:7      | Noticed a cyclops
  7284 | D:7      | Noticed a troll
  7299 | D:7      | Killed a gargoyle
  7300 | D:7      | Gained mutation: You regenerate magic rapidly. [demonic
                  | ancestry]
  7300 | D:7      | Reached XP level 10. HP: 56/67 MP: 14/18
  7331 | D:7      | Killed a cyclops
  7332 | D:7      | Reached skill level 2 in Fighting
  7344 | D:7      | Reached skill level 3 in Invocations
  7489 | D:7      | Reached skill level 9 in Hexes
  7647 | D:7      | Identified a scroll of acquirement
  7647 | D:7      | Identified the "Siovul" (You acquired it on level 7 of the
                  | Dungeon)
  7647 | D:7      | Acquired a +3 quick blade of electrocution
  7648 | D:7      | E - a +3 quick blade of electrocution {rare}
  7649 | D:7      | E - a +3 quick blade of electrocution (weapon) {rare}
  7747 | D:8      | Reached skill level 2 in Dodging
  7794 | D:8      | Noticed a moth of wrath
  7798 | D:8      | Noticed a two-headed ogre
  7808 | D:8      | Found a bloodstained altar of Trog.
  7808 | D:8      | Noticed othur's ghost (novice GrFi)
  7814 | D:8      | Found a transporter.
  7842 | D:8      | Noticed Pikel
  7852 | D:8      | Killed Pikel
  7853 | D:8      | Reached skill level 8 in Short Blades
  7893 | D:8      | Reached skill level 3 in Fighting
  7900 | D:8      | Reached ** piety under Dithmenos
  7901 | D:8      | Reached skill level 6 in Spellcasting
  7901 | D:8      | Reached skill level 4 in Invocations
  7981 | D:8      | Found a staircase to the Lair.
  8013 | D:8      | Reached XP level 11. HP: 64/75 MP: 20/20
  8017 | D:8      | HP: 18/75 [komodo dragon (19)]
  8269 | D:8      | Found a transporter.
  8397 | D:8      | Reached skill level 3 in Dodging
  8678 | D:9      | Noticed Erica
  8738 | D:9      | Noticed a centaur warrior
  8741 | D:9      | Killed a centaur warrior
  8742 | D:9      | Reached skill level 7 in Stealth
  8772 | D:9      | Found a transporter.
  8779 | D:9      | Killed Erica
  8780 | D:9      | Reached skill level 4 in Fighting
  8780 | D:9      | Reached skill level 10 in Hexes
  8780 | D:9      | Reached skill level 5 in Invocations
  8797 | D:9      | Noticed a purple ugly thing
  8800 | D:9      | Noticed adozu's ghost (journeyman DrCj)
  8849 | D:9      | Found a one-way gate to the infinite horrors of the Abyss.
  8864 | D:9      | Found a transporter.
  8886 | D:9      | Reached *** piety under Dithmenos
  9030 | D:9      | Noticed Jeremiah
  9034 | D:9      | Reached skill level 9 in Short Blades
  9037 | D:9      | your +3 quick blade of electrocution {rare} melds into your
                  | body.
  9037 | D:9      | your +3 quick blade of electrocution {rare} stops
                  | crackling.
  9046 | D:9      | Killed Jeremiah
  9057 | D:9      | your +3 quick blade of electrocution {rare} unmelds from
                  | your body.
  9125 | D:9      | Noticed Psyche
  9140 | D:9      | Reached skill level 4 in Dodging
  9190 | D:9      | Killed Psyche
  9476 | D:9      | Noticed a two-headed ogre
  9487 | D:9      | Killed a two-headed ogre
  9488 | D:9      | Reached skill level 10 in Short Blades
  9694 | D:10     | Entered Level 10 of the Dungeon
  9717 | D:10     | Found a broken altar of Ashenzari.
  9917 | D:10     | Found a shimmering altar of Xom.
 10051 | D:10     | Found a shimmering blue altar of Sif Muna.
 10104 | D:10     | Found Giesa's Book Emporium.
 10199 | D:10     | Reached skill level 11 in Short Blades
 10282 | D:10     | Reached **** piety under Dithmenos
 10342 | D:10     | Gained mutation: Your touch may inflict minor irresistible
                  | damage on your foes. [demonic ancestry]
 10342 | D:10     | Reached XP level 12. HP: 60/83 MP: 21/21
 10460 | D:10     | Found a hazy altar of Hepliaklqana.
 10537 | D:11     | Noticed a two-headed ogre
 10538 | D:11     | Killed a two-headed ogre
 10560 | D:11     | Reached skill level 12 in Short Blades
 10579 | D:11     | You pick up a book of Beasts and begin reading...
 10579 | D:11     | You add the spells Summon Ice Beast, Summon Mana Viper and
                  | Monstrous Menagerie to your library.
 10591 | D:11     | You pick up a book of Spatial Translocations and begin
                  | reading...
 10591 | D:11     | You add the spells Blink, Momentum Strike and Lesser
                  | Beckoning to your library.
 10604 | D:11     | Noticed a two-headed ogre
 10611 | D:11     | Killed a two-headed ogre
 10623 | D:11     | Noticed a boulder beetle
 10632 | D:11     | Killed a boulder beetle
 10890 | D:11     | Reached skill level 13 in Short Blades
 11250 | D:12     | Reached ***** piety under Dithmenos
 11418 | D:12     | Found a radiant altar of Vehumet.
 11601 | D:12     | Reached skill level 14 in Short Blades
 11628 | D:12     | Reached skill level 1 in Armour
 11696 | D:12     | Noticed a boulder beetle
 11702 | D:12     | Killed a boulder beetle
 11790 | D:12     | Found a staircase to the Orcish Mines.
 11861 | D:12     | Noticed Nessos
 12197 | D:12     | Killed Nessos
 12417 | D:12     | Reached XP level 13. HP: 73/90 MP: 22/22
 12785 | D:13     | your +3 quick blade of electrocution {rare} glows red for a
                  | moment.
 12805 | D:13     | Reached skill level 6 in Invocations
 12816 | D:13     | Reached skill level 2 in Armour
 12978 | D:13     | Reached skill level 5 in Fighting
 12980 | D:13     | Noticed a purple very ugly thing
 12992 | D:13     | Killed a purple very ugly thing
 12993 | D:13     | Reached skill level 5 in Dodging
 13009 | D:13     | HP: 19/91 [skeletal warrior/+0 halberd (9)]
 13016 | D:13     | Slain by a skeletal warrior

Vanquished Creatures
  A very ugly thing (D:13)
  Nessos (D:12)
  2 vault guards (D:13)
  5 centaur warriors
  An ironbound frostheart (D:13)
  Erica (D:9)
  3 boulder beetles
  4 two-headed ogres
  Pikel (D:8)
  A deep elf pyromancer (D:13)
  5 cyclopes
  Psyche (D:9)
  2 gargoyles
  2 unseen horrors (D:12)
  Jeremiah (D:9)
  2 komodo dragons (D:8)
  6 kobold demonologists (D:12)
  4 trolls
  A slime creature (D:7)
  A wraith (D:11)
  50 yaks
  A human (D:13)
  A vampire (D:11)
  A basilisk (D:7)
  11 vampire mosquitoes
  2 steam dragons
  A water moccasin (D:8)
  Edmund (D:4)
  An acid dragon (D:13)
  A sky beast (D:7)
  3 ice beasts
  4 orc warriors
  2 black bears (D:8)
  3 ogres
  11 centaurs
  A lemure (D:8)
  2 phantoms
  4 kobold brigands
  8 bullfrogs
  4 gnoll sergeants
  3 scorpions
  13 wights
  3 killer bees (D:9)
  10 howler monkeys
  3 hounds
  2 jellies
  4 gnoll boudas
  10 orc priests
  2 iguanas (D:5)
  Ijyb (D:4)
  9 orc wizards
  31 gnolls
  4 river rats (D:6)
  11 adders
  3 shadow imps
  2 white imps
  2 worms
  A dart slug (D:5)
  43 orcs
  5 endoplasms
  2 giant cockroaches
  5 goblins
  9 hobgoblins
  7 jackals
  5 quokkas
  9 ball pythons
  6 bats
  8 frilled lizards
  28 kobolds
  4 rats
  A spectral hobgoblin (D:10)
403 creatures vanquished.

Vanquished Creatures (others)
  A centaur (D:13)
  2 kobolds (D:9)
3 creatures vanquished.

Grand Total: 406 creatures vanquished

Table legend:
 A = Non-vault XP
 B = Vault XP
 C = Vault XP percentage of total XP
 D = Non-vault monster count
 E = Vault monster count
 F = Vault count percentage of total count
                 A         B        C        D         E       F
            +---------+---------+-------+---------+---------+-------
      Total |   33505 |   15220 |  31.2 |     316 |      87 |  21.6
            +---------+---------+-------+---------+---------+-------
        D:1 |      40 |       2 |   4.8 |      26 |       1 |   3.7
        D:2 |      65 |       0 |   0.0 |      19 |       0 |   0.0
        D:3 |      40 |      40 |  50.0 |      11 |       8 |  42.1
        D:4 |     343 |     182 |  34.7 |      22 |       2 |   8.3
        D:5 |     954 |       0 |   0.0 |      26 |       0 |   0.0
        D:6 |     142 |      82 |  36.6 |       7 |       6 |  46.2
        D:7 |    1700 |    3918 |  69.7 |      22 |      24 |  52.2
        D:8 |    2168 |    2379 |  52.3 |      33 |      12 |  26.7
        D:9 |    2477 |    2484 |  50.1 |      31 |       4 |  11.4
       D:10 |    5357 |       3 |   0.1 |      32 |       2 |   5.9
       D:11 |    5683 |       0 |   0.0 |      25 |       0 |   0.0
       D:12 |    8554 |    2011 |  19.0 |      42 |      22 |  34.4
       D:13 |    5982 |    4119 |  40.8 |      20 |       6 |  23.1
            +---------+---------+-------+---------+---------+-------

Skill      XL: |  1  2  3  4  5  6  7  8  9 10 11 12 13 |
---------------+----------------------------------------+-----
Short Blades   | 1 2 3 4 6 7 8 11 14 | 14.3
Stealth        | 3 4 5 6 7 |  7.8
Hexes          | 4 5 7 8 9 10 | 10.5
Ice Magic      | 1 2 3 |  3.0
Spellcasting   | 3 4 5 6 |  6.0
Invocations    | 2 4 5 6 |  6.8
Fighting       | 1 3 4 5 |  5.3
Dodging        | 2 4 5 |  5.1
Armour         | 1 2 |  2.9

Action                     |  1- 3 |  4- 6 |  7- 9 | 10-12 | 13-15 || total
---------------------------+-------+-------+-------+-------+-------++-------
  Melee: Dagger            |   149 |   144 |   263 |    21 |       ||   577
         Punch             |     1 |       |     4 |     8 |     2 ||    15
         Quick blade       |       |       |       |   860 |    83 ||   943
         Unarmed           |       |       |       |     9 |       ||     9
         Touch             |       |       |       |    70 |    21 ||    91
   Cast: Ensorcelled Hiber |    11 |    32 |    61 |    65 |    12 ||   181
         Confusing Touch   |       |     1 |    10 |    19 |     1 ||    31
         Dazzling Flash    |       |       |       |     3 |       ||     3
  Evoke: Wand              |       |     5 |       |       |       ||     5
    Use: Scroll            |     1 |     8 |     6 |     4 |     2 ||    21
         Potion            |       |       |     1 |       |     1 ||     2
   Stab: Sleeping          |    10 |    23 |    36 |    49 |     4 ||   122
         Paralysed         |       |    14 |    24 |    48 |    13 ||    99
         Confused          |       |       |     9 |     9 |       ||    18
         Invisible         |       |       |     2 |     3 |       ||     5
         Distracted        |       |       |       |     1 |       ||     1
 Armour: Robe              |    82 |    60 |    66 |       |       ||   208
         Troll leather arm |       |       |    21 |   229 |    69 ||   319
         Skin              |       |       |       |     2 |       ||     2
  Dodge: Dodged            |   104 |    66 |   149 |   358 |   109 ||   786

Illustrated notes

Table legend:
 A = Kills in this place as a percentage of kills in the entire game.
 B = Kills by you in this place as a percentage of kills by you in the entire game.
 C = Kills by friends in this place as a percentage of kills by friends in the entire game.
 D = Other kills in this place as a percentage of other kills in the entire game.
 E = Experience gained in this place as a percentage of experience gained in the entire game.
 F = Experience gained in this place divided by the number of levels of this place that you have seen.
                   A       B       C       D       E      F
               +-------+-------+-------+-------+-------+----------------------
         Total | 100.0 | 100.0 |   N/A | 100.0 | 100.0 | 3480.4
       Dungeon | 100.0 | 100.0 |   N/A | 100.0 | 100.0 | 3748.1
               +-------+-------+-------+-------+-------+----------------------

Table legend: (Time is in decaauts)
 A = Elapsed time spent in this place.
 B = Non-inter-level travel time spent in this place.
 C = Inter-level travel time spent in this place.
 D = Time resting spent in this place.
 E = Time spent auto-exploring this place.
 F = Levels seen in this place.
 G = Mean time per level.
                   A        B        C        D        E       F      G
               +--------+--------+--------+--------+--------+-----+--------+
         Total |  12706 |  12251 |    455 |   1179 |   8604 |  14 |  907.6 |
       Dungeon |  12683 |  12238 |    445 |   1179 |   8604 |  13 |  975.6 |
        Temple |     22 |     12 |     10 |      0 |      0 |   1 |   22.0 |
               +--------+--------+--------+--------+--------+-----+--------+

Top non-repeatable levels by time:
     D:7: 1563 daAuts
    D:12: 1550 daAuts
     D:6: 1163 daAuts
     D:4: 1136 daAuts
     D:1: 1122 daAuts
     D:3: 1020 daAuts
     D:8: 1007 daAuts
     D:9: 937 daAuts
     D:2: 861 daAuts
    D:10: 803 daAuts
     D:5: 701 daAuts
    D:11: 606 daAuts
    D:13: 207 daAuts
  Temple: 22 daAuts
